 Dungeon Crawl Stone Soup version 0.19.0-19-g8c6edcc (webtiles) character file.

6313 Chiseanne the Covert (level 10, -5/53 HPs)
             Began as a Spriggan Hunter on Nov 15, 2016.
             Was an Initiate of Gozag.
             Killed by divine providence
             ... invoked by an orc priest
              (13 damage)
             ... on level 11 of the Dungeon.
             The game lasted 00:40:11 (12596 turns).

Chiseanne the Covert (Spriggan Hunter)             Turns: 12596, Time: 00:40:11

Health: -5/53      AC: 14    Str:  8    XL:     10   Next: 64%
Magic:  11/11      EV: 27    Int: 16    God:    Gozag
Gold:   283        SH: 10    Dex: 20    Spells: 1 memorised, 6 levels left

rFire  . . .     SeeInvis +     a - +1 rapier (protect)
rCold  . . .     Gourm    .     b - +1 robe
rNeg   + . .     Faith    .     t - +2 buckler {AC+3}
rPois  .         Spirit   .     (helmet restricted)
rElec  .         Reflect  .     u - +0 cloak
rCorr  .         Harm     .     (gloves unavailable)
MR     +....                    (boots unavailable)
Stlth  +++++++++.               (no amulet)
                                F - ring of Shadows {Umbra +Inv Stlth+}
                                x - ring of Trog's Castigation {rN+ Int+3 Stlth+}

@: gold aura, protection aura, wreathed by umbra, very quick
A: unfitting armour, see invisible, herbivore 3, speed 3, slow metabolism 2
a: Potion Petition, Call Merchant, Bribe Branch, Renounce Religion, Evoke
Invisibility


You were on level 11 of the Dungeon.
You worshipped Gozag.
Gozag was aware of your devotion.
You were not hungry.

You visited 1 branch of the dungeon, and saw 11 of its levels.

You collected 1206 gold pieces.
You spent 762 gold pieces at shops.
You paid 161 gold pieces to Gozag.

Inventory:

Hand Weapons
 a - a +1 rapier of protection (weapon)
 d - a +2 whip of freezing
 e - a +2 hunting sling of freezing
 f - a +1 scimitar of holy wrath
 k - the +6 war axe of Invincibility {holy, rPois}
   (You found it on level 10 of the Dungeon)

   It has been blessed by the Shining One to cause great damage to the undead
   and demons.
   It protects you from poison.
 s - a +2 spear of venom
Missiles
 h - 357 stones (quivered)
 q - 149 sling bullets
 r - 59 bolts
 B - 16 poisoned needles
Armour
 b - a +1 robe (worn)
 t - a +2 buckler of protection (worn)
 u - a +0 cloak (worn)
Jewellery
 l - a +5 ring of intelligence
 x - the ring of Trog's Castigation (left hand) {rN+ Int+3 Stlth+}
   (You found it on level 4 of the Dungeon)

   [ring of positive energy]

   It affects your intelligence (+3).
   It protects you from negative energy.
   It makes you more stealthy.
 F - the ring of Shadows (right hand) {Umbra +Inv Stlth+}
   (You bought it in a shop on level 5 of the Dungeon)

   [ring of stealth]

   It lets you turn invisible.
   It makes you more stealthy.
 H - an uncursed ring of protection from cold
 P - an uncursed ring of protection from magic
 Q - an uncursed amulet of magic regeneration {unknown}
Wands
 o - a wand of digging (22/24)
Scrolls
 p - a scroll of teleportation
 z - 2 scrolls of remove curse
 A - 2 scrolls of recharging
 C - 3 scrolls of fog
 J - 2 scrolls of amnesia
Potions
 j - 3 potions of might
 m - a potion of cure mutation
 n - a potion of ambrosia
 v - a potion of heal wounds
 D - a potion of magic {unknown}
 E - a potion of curing {unknown}
 G - 3 potions of resistance
 I - a potion of lignification
 M - 2 potions of agility
 N - a potion of flight {unknown}
Books
 i - a book of Necromancy

   Spells                             Type                      Level
   a - Pain                           Necromancy                   1
   b - Animate Skeleton               Necromancy                   1
   c - Vampiric Draining              Necromancy                   3
   d - Regeneration                   Charms/Necromancy            3
   e - Animate Dead                   Necromancy                   4
   f - Control Undead                 Necromancy                   4
Comestibles
 K - 10 slices of pizza
 L - a royal jelly
 O - 7 bread rations


   Skills:
 - Level 6.1 Fighting
 * Level 2.6 Short Blades
 * Level 8.4 Throwing
 * Level 10.7 Dodging
 * Level 11.4 Stealth
 * Level 4.7 Shields


You had 6 spell levels left.
You knew the following spells:

 Your Spells              Type           Power        Failure   Level  Hunger
a - Ozocubu's Armour      Chrm/Ice       #.......     85%         3    ####...


Dungeon Overview and Level Annotations

Branches:
Dungeon (11/15)            Temple (0/1) D:6            Lair (0/6) D:11
    Orc (0/2) D:9

Altars:
Gozag
Hepliaklqana
Kikubaaqudgha
Okawaru
Qazlal
Trog
Vehumet
Zin
The Shining One

Shops:
D:5 =   D:8 *   D:10 :(

Annotations:
D:3 Natasha; Oozefury's ghost, weakling DgVM


Innate Abilities, Weirdness & Mutations

You are very small and have problems with some larger weapons.
You are too small for most types of armour.
You have supernaturally acute eyesight. (SInv)
You are a herbivore.
You cover ground extremely quickly.
You need consume almost no food.


Message History

The orc warrior is almost dead.
The orc priest shouts!
The orc priest struggles against the net.
The orc warrior struggles against the net.
You catch the helpless orc warrior completely off-guard!
You impale the orc warrior!!
You kill the orc warrior!
The orc priest invokes the aid of Beogh against you.
Beogh smites you!
* * * LOW HITPOINT WARNING * * *
The orc priest struggles against the net.
Items here: $ ( ) [ 8 gold pieces; a trident; a plate armour; a throwing net {!*} You catch the helpless orc priest completely off-guard!
You puncture the orc priest!
You kill the orc priest!
The orc priest calls down the wrath of Beogh upon you.
Beogh smites you!
You die...
Your body crumbles into a pile of gold.

##......# #.#
#.......# ## #.#
#......o# ...######.#
#...###o# ........#.##
#...# #.# ...........#
#...# #.# ######.####
#...# #.# #.....#
##### #.# #####..#.##
#.# #$@....#.# #o#
###.###.## # #o# #.o.#
#.# #.# #.### #.#
#######.#####.# #.#
......)>....#.# #.#
#.###.#####.#.#####.#
#.#.................##
#.#...#..............#


You could see an orc priest.

Vanquished Creatures
  2 hill giants
  Pikel (D:7)
  Maurice (D:10)
  Joseph (D:8)
  A troll (D:10)
  Prince Ribbit (D:6)
  A two-headed ogre (D:10)
  A wraith (D:10)
  A wyvern (D:10)
  A human (D:8)
  A hungry ghost (D:10)
  A steam dragon (D:8)
  2 sky beasts
  A black bear (D:8)
  An ice beast (D:10)
  3 orc warriors
  A slave (D:7)
  A phantom (D:4)
  4 centaurs
  3 ogres
  A big kobold (D:10)
  A bullfrog (D:10)
  5 scorpions
  3 killer bees (D:10)
  3 crimson imps
  3 hounds
  3 orc priests
  3 bullfrog skeletons
  A gnoll shaman (D:4)
  A jelly (D:10)
  Natasha (D:3)
  2 iguanas
  9 orc wizards
  5 worker ants
  A hound skeleton (D:5)
  A worker ant zombie (D:11)
  8 gnolls
  A howler monkey skeleton (D:8)
  12 adders
  3 shadow imps
  An ooze (D:2)
  2 adder skeletons (D:4)
  4 worms
  5 dart slugs
  4 leopard geckos
  30 orcs
  8 giant cockroaches
  5 goblins
  5 hobgoblins
  12 jackals
  20 kobolds
  3 quokkas
  2 ball pythons
  11 bats
  5 frilled lizards
  A quokka zombie (D:8)
  6 rats
220 creatures vanquished.

Vanquished Creatures (others)
  A slave (D:10)
  A jelly (D:7)
  An orc wizard (D:7)
  An orc (D:7)
  A jackal (D:7)
5 creatures vanquished.

Grand Total: 225 creatures vanquished

Notes
Turn   | Place    | Note
-------+----------+-------------------------------------------
     0 | D:1      | Chiseanne the Spriggan Hunter began the quest for the Orb.
     0 | D:1      | Reached XP level 1. HP: 10/10 MP: 2/2
    29 | D:1      | Reached skill level 2 in Stealth
   124 | D:1      | Reached XP level 2. HP: 15/15 MP: 3/3
  1061 | D:2      | Reached XP level 3. HP: 10/18 MP: 4/4
  1275 | D:2      | Reached skill level 3 in Stealth
  1398 | D:2      | Reached XP level 4. HP: 23/23 MP: 5/5
  1974 | D:2      | Reached skill level 4 in Stealth
  2429 | D:2      | Reached XP level 5. HP: 19/27 MP: 6/6
  2904 | D:3      | Noticed Oozefury's ghost (weakling DgVM)
  3509 | D:3      | Found a stormy altar of Qazlal.
  3510 | D:3      | Found an iron altar of Okawaru.
  3510 | D:3      | Found a bloodstained altar of Trog.
  3510 | D:3      | Found a hazy altar of Hepliaklqana.
  3719 | D:3      | Found a glowing golden altar of the Shining One.
  4242 | D:3      | Noticed Natasha
  4324 | D:3      | Killed Natasha
  4620 | D:3      | Noticed Natasha
  5006 | D:3      | Reached skill level 5 in Dodging
  5404 | D:4      | Noticed a phantom
  5426 | D:4      | Found a stormy altar of Qazlal.
  5465 | D:4      | Reached skill level 5 in Stealth
  5475 | D:4      | Reached XP level 6. HP: 32/32 MP: 7/7
  5645 | D:4      | Reached skill level 5 in Throwing
  6045 | D:4      | Got a transparent wooden ring
  6141 | D:4      | Reached skill level 6 in Stealth
  6153 | D:4      | Reached XP level 7. HP: 26/36 MP: 8/8
  6347 | D:4      | Identified the ring of Trog's Castigation {rN+ Int+3 Stlth+} (You found it on level 4 of the Dungeon)
  6552 | D:5      | Entered Level 5 of the Dungeon
  6679 | D:5      | Found Witwal's Jewellery Boutique.
  7379 | D:5      | Reached skill level 1 in Shields
  7748 | D:6      | Reached skill level 7 in Stealth
  8053 | D:6      | Reached XP level 8. HP: 42/42 MP: 9/9
  8135 | D:6      | Found a staircase to the Ecumenical Temple.
  8148 | D:6      | Noticed Prince Ribbit
  8164 | D:6      | Killed Prince Ribbit
  8557 | D:7      | Learned a level 3 spell: Ozocubu's Armour
  8668 | D:7      | Noticed Pikel
  8728 | D:7      | Killed Pikel
  8728 | D:7      | Reached skill level 8 in Stealth
  9111 | D:8      | Reached XP level 9. HP: 39/46 MP: 10/10
  9181 | D:8      | Found an ancient bone altar of Kikubaaqudgha.
  9184 | D:8      | Found an opulent altar of Gozag.
  9188 | D:8      | Became a worshipper of Gozag Ym Sagoz the Greedy
  9194 | D:8      | Found a glowing silver altar of Zin.
  9206 | D:8      | Found a radiant altar of Vehumet.
  9314 | D:8      | Reached skill level 5 in Fighting
  9447 | D:8      | Noticed Joseph
  9467 | D:8      | Killed Joseph
  9467 | D:8      | Reached skill level 9 in Stealth
  9558 | D:8      | Found Cuer's Assorted Antiques.
 10180 | D:8      | Bought a scroll labeled NUMUDAOJIRR for 27 gold pieces
 10180 | D:8      | Bought a grey potion for 24 gold pieces
 10180 | D:8      | Bought a garnet ring for 135 gold pieces
 10180 | D:8      | Bought a marble ring for 135 gold pieces
 10260 | D:9      | Found a staircase to the Orcish Mines.
 10984 | D:10     | Entered Level 10 of the Dungeon
 10994 | D:10     | Noticed Maurice
 10997 | D:10     | Reached skill level 10 in Stealth
 11004 | D:10     | Noticed a hill giant
 11022 | D:10     | Found Qeduom's Book Shop.
 11023 | D:10     | Found Loecuapo's Weapon Shoppe.
 11044 | D:10     | Killed Maurice
 11059 | D:10     | Reached XP level 10. HP: 42/53 MP: 11/11
 11107 | D:10     | Got a scorched war axe
 11327 | D:10     | Reached skill level 10 in Dodging
 11502 | D:10     | Identified the +6 war axe of Invincibility {holy, rPois} (You found it on level 10 of the Dungeon)
 11636 | D:5      | Bought the ring of Shadows {Umbra +Inv Stlth+} for 441 gold pieces
 11855 | D:10     | Killed a hill giant
 11855 | D:10     | Reached skill level 1 in Short Blades
 11855 | D:10     | Reached skill level 11 in Stealth
 12159 | D:10     | Noticed a manticore
 12173 | D:10     | Noticed a fire crab
 12173 | D:10     | a manticore changed into a fire crab
 12337 | D:11     | Noticed an elephant
 12338 | D:11     | Found a staircase to the Lair.
 12338 | D:11     | Noticed a death yak
 12340 | D:11     | Noticed a hill giant
 12413 | D:11     | Killed a hill giant
 12488 | D:11     | Noticed a hill giant
 12596 | D:11     | Killed from afar by an orc priest

Skill      XL: |  1  2  3  4  5  6  7  8  9 10 |
---------------+-------------------------------+-----
Stealth        | 2 3 4 5 6 7 8 10 11 | 11.4
Fighting       | 2 3 4 6 |  6.1
Dodging        | 4 5 6 7 8 9 10 | 10.7
Throwing       | 5 6 7 8 |  8.4
Shields        | 1 2 4 |  4.7
Short Blades   | 2 |  2.6

Action                   |  1- 3 |  4- 6 |  7- 9 | 10-12 || total
-------------------------+-------+-------+-------+-------++-------
Melee: Short sword       |    82 |   209 |       |       ||   291
       Spear             |       |   115 |   259 |    63 ||   437
       Dagger            |       |       |    61 |     2 ||    63
       Rapier            |       |       |    38 |    95 ||   133
       Whip              |       |       |       |     5 ||     5
       War axe           |       |       |       |     5 ||     5
       Scimitar          |       |       |       |     4 ||     4
Throw: Tomahawk          |    24 |    50 |    10 |    17 ||   101
       Throwing net      |     1 |     1 |       |    12 ||    14
       Stone             |       |    15 |       |       ||    15
Evoke: Wand              |       |     4 |     3 |     2 ||     9
  Use: Scroll            |     4 |     6 |    16 |     3 ||    29
       Potion            |       |     4 |     1 |     3 ||     8
 Stab: Sleeping          |     4 |    12 |    34 |     8 ||    58
       Held in net/web   |     1 |       |       |     3 ||     4
       Distracted        |       |       |     1 |     1 ||     2
       Paralysed         |       |       |     2 |       ||     2
       Invisible         |       |       |     3 |       ||     3
  Eat: Fruit             |       |     3 |       |       ||     3
       Pizza             |       |     1 |       |       ||     1
       Bread ration      |       |       |     1 |       ||     1
Armor: Robe              |     4 |    40 |    28 |    23 ||    95
       Skin              |       |     1 |       |       ||     1
Dodge: Dodged            |    79 |   352 |   264 |   146 ||   841
Block: Buckler           |       |       |    91 |    79 ||   170
       Rpst.: Scimitar   |       |       |       |     1 ||     1
